 Dungeon Sprint DCSS version 0.31-a0-204-g7da18cac08 (webtiles) character file.

Game seed: 173560863289405205

38 rocky1 the Slasher (level 3, -9/39 (46) HPs)
             Began as a Demigod Gladiator on June 28, 2023.
             Mangled by a wight
             ... wielding a +3 great sword
              (17 damage)
             ... in the Dungeon (Sprint VII: "The Pits").
             The game lasted 00:01:20 (550 turns).

rocky1 the Slasher (Demigod Gladiator)               Turns: 550, Time: 00:01:21

HP:   -9/39 (46)    AC: 12    Str: 15    XL:     3   Next: 10%
MP:   5/5           EV:  8    Int: 10    God:
Gold: 0             SH:  0    Dex: 19    Spells: 2/2 levels left

rFire   . . .        o - +1 long sword (flame)
rCold   . . .        (no shield)
rNeg    . . .        g - +3 chain mail
rPois   .            c - +0 helmet
rElec   .            (no cloak)
rCorr   .            (no gloves)
SInv    .            (no boots)
Will    .....        (no amulet) Stlth
                     (no ring)
HPRegen 0.26/turn    (no ring)
MPRegen 0.09/turn

%: no teleportation
@: berserking (expiring), heavily drained, very quick
A: high MP 1, forlorn, divine attributes
a: no special abilities


You were in the Dungeon.
You visited 1 branch

Inventory:

Hand Weapons
 a - a +0 long sword
 o - a +1 long sword of flaming (weapon)
Missiles
 d - 3 throwing nets (quivered)
 e - a javelin
Armour
 b - a +0 leather armour
 c - a +0 helmet (worn)
 g - a +3 chain mail (worn)
Scrolls
 k - a scroll of blinking
 m - 5 scrolls of amnesia
 n - a scroll of summoning
Potions
 f - 6 potions of curing
 h - a potion of haste
 i - 4 potions of magic
 j - a potion of berserk rage
 l - 2 potions of invisibility
 p - 5 potions of heal wounds


   Skills:
 + Level 3.1 Fighting
 * Level 4.6 Long Blades
 - Level 1.7 Throwing
 + Level 2.3 Armour
 + Level 3.7 Dodging


You had 2 spell levels left.
You didn't know any spells.
Your spell library was empty.

Dungeon Overview and Level Annotations

Branches:
Dungeon (1/1)


Innate Abilities, Weirdness & Mutations

You have an increased reservoir of magic. (+10% MP)
You shall have no god before yourself.
Your divine heritage dramatically boosts your attributes as you level up.


Message History

2 wights come into view.
There is an open door here.
You hit the mummy. You burn the mummy.
The mummy is moderately damaged.
A red film seems to cover your vision as you go berserk!
You feel yourself moving faster!
You feel mighty! The mummy hits you!
You hit the mummy. You burn the mummy.
The mummy is severely damaged.
The mummy hits you but does no damage.
You hit the mummy. You burn the mummy.
The mummy is almost destroyed.
You hit the mummy. You burn the mummy.
You destroy the mummy!
Your Fighting skill increases to level 3!
You have reached level 3!
Your experience leads to a dramatic increase in your attributes!
Increase (S)trength, (I)ntelligence, or (D)exterity?
You feel agile. x4
Unknown command.
You closely miss the wight.
The wight hits you with a +3 great sword!
You feel drained. The wight closely misses you.
You barely miss the wight.
The wight hits you from afar with a +0 spear.
* * * LOW HITPOINT WARNING * * *
You feel drained. The wight hits you but does no damage.
You slash the wight! You burn the wight.
The wight is severely damaged.
You closely miss the wight.
The wight is severely damaged.
The wight hits you with a +3 great sword.
* * * LOW HITPOINT WARNING * * *
You feel drained.
* * * LOW HITPOINT WARNING * * *
The wight hits you but does no damage.
You closely miss the wight.
The wight is severely damaged.
The wight hits you but does no damage.
The wight hits you with a +3 great sword!
You die...

##########.##.....
#.....).....'.....
#'#####'#####.....
#.#.....#..##.....
#.#.....#.)#####'#
#.###'###))##.....
#.#.....#))##.....
#.#.....#.[##.....
#@####)##'###...<.
#z#........##.....
#z#........##.....
#'###########.....
#..# ######
#....zz.#
##.#.#.## .....
.#.#.#


You could see 2 wights.

Vanquished Creatures
  A mummy (D)
  An adder (D)
  An ufetubus (D)
  An adder skeleton (D)
  A ball python (D)
  An endoplasm (D)
  A goblin (D)
  A quokka (D)
  2 kobolds (D)
  A rat (D)
11 creatures vanquished.

Notes
Turn   | Place    | Note
-------+----------+-------------------------------------------
     0 | D        | rocky1 the Demigod Gladiator began the quest for the Orb.
     0 | D        | Reached XP level 1. HP: 17/17 MP: 3/3
    20 | D        | Reached skill level 3 in Long Blades
    59 | D        | Reached skill level 1 in Armour
    79 | D        | Reached XP level 2. HP: 25/25 MP: 4/4
   222 | D        | Reached skill level 4 in Long Blades
   533 | D        | Noticed a wight
   533 | D        | Noticed a wight
   546 | D        | Reached XP level 3. HP: 28/31 MP: 5/5
   550 | D        | Mangled by a wight

Illustrated notes

Levels and vault maps discovered:
D:        pitsprint [storerooms_1, entrance_room_1, metal_vault_6, armoury_3,
          mini_pit_1, grid_room_1, main_hall_1, silver_pit, the_coven_1,
          the_vestibule_1, steel_vault_4, golden_pit, hallway_of_sentries,
          crystal_vault_4, iron_vault_2, final_vault]

Skill      XL: |  1  2 |
---------------+-------+-----
Fighting       | 2 3 |  3.1
Long Blades    | 3 4 |  4.6
Dodging        | 3 |  3.7
Armour         | 1 2 |  2.3
Throwing       | |  1.7

Action                     || total
---------------------------++-------
  Melee: Long sword        ||    39
    Use: Potion            ||     3
   Stab: Sleeping          ||     1
 Armour: Leather armour    ||    15
         Chain mail        ||     5
  Dodge: Dodged            ||    32

Table legend: (Time is in decaauts)
 A = Elapsed time spent in this place.
 B = Non-inter-level travel time spent in this place.
 C = Inter-level travel time spent in this place.
 D = Time resting spent in this place.
 E = Time spent auto-exploring this place.
 F = Levels seen in this place.
 G = Mean time per level.
                   A        B        C        D        E       F      G
               +--------+--------+--------+--------+--------+-----+--------+
         Total |    563 |    543 |     20 |    378 |      0 |   1 |  563.0 |
       Dungeon |    563 |    543 |     20 |    378 |      0 |   1 |  563.0 |
               +--------+--------+--------+--------+--------+-----+--------+

Top non-repeatable levels by time:
       D: 563 daAuts
